 Dungeon Crawl Stone Soup version 0.28.0-53-g5a82cb258f (webtiles) character file.

Game seed: 13675891525089989494

756 gobodom the Chopper (level 7, -2/52 HPs)
             Began as a Demonspawn Gladiator on June 7, 2022.
             Was an Initiate of Nemelex Xobeh.
             Slain by Soldner's ghost (16 damage)
             ... on level 5 of the Dungeon.
             The game lasted 00:41:51 (6585 turns).

gobodom the Chopper (Demonspawn Gladiator)          Turns: 6585, Time: 00:41:52

Health: -2/52      AC: 11    Str: 12 (16) XL:     7   Next: 50%
Magic:  20/20      EV: 12    Int:  9 (14) God:    Nemelex Xobeh [......]
Gold:   246        SH:  0    Dex: 19 (22) Spells: 9/10 levels left

rFire   . . .      SeeInvis .   q - +2 short sword (drain)
rCold   . . .      Faith    .   (no shield)
rNeg    . . .      Spirit   .   f - +1 ring mail
rPois   .          Reflect  .   d - +3 hat of Pondering {ponderous, Will+ MP+10 Int+5}
rElec   .          Harm     .   b - +0 cloak of a sewer {rCorr Dex+5 Stlth-}
rCorr   +          Rampage  .   (no gloves)
Will    +....                   p - +0 pair of boots
Stlth   ..........              (no amulet)
HPRegen 0.17/turn               (no ring)
MPRegen 0.17/turn               (no ring)

@: slow
A: antennae 2, powered by pain 1, weakness stinger 1, talons 1, agile 1,
deterioration 1
a: Renounce Religion, Draw Escape, Draw Destruction, Draw Summoning


You were on level 5 of the Dungeon.
You worshipped Nemelex Xobeh.
Nemelex Xobeh was noncommittal.
You visited 2 branches of the dungeon, and saw 6 of its levels.
You also visited: Sewer.

You collected 246 gold pieces.

Inventory:

Hand Weapons
 a - a +0 war axe
 c - a +1 spear of venom
 h - a +4 hand axe of protection
 q - a +2 short sword of draining (weapon)
Missiles
 i - 167 stones
 s - 2 poisoned darts
 w - 5 atropa-tipped darts (quivered)
Armour
 b - the +0 cloak of a sewer (worn) {rCorr Dex+5 Stlth-}
   (You acquired it on level 4 of the Dungeon)

   Dex:       It affects your dexterity (+5).
   rCorr:     It protects you from acid and corrosion.
   Stlth:     It makes you less stealthy.
 d - the +3 hat of Pondering (worn) {ponderous, Will+ MP+10 Int+5}
   (You acquired it in a sewer)

   Int:       It affects your intelligence (+5).
   MP:        It affects your magic capacity (+10).
   Will:      It increases your willpower.
 f - a +1 ring mail (worn)
 p - a +0 pair of boots (worn)
Magical Staves
 e - a staff of conjuration
Jewellery
 l - a +6 ring of intelligence
Scrolls
 m - a scroll of immolation
Potions
 j - 4 potions of haste
 k - a potion of invisibility
 n - a potion of cancellation


   Skills:
 + Level 3.4 Fighting
 + Level 5.1 Axes
 + Level 1.8 Throwing
 + Level 3.0 Armour
 + Level 3.6 Dodging
 + Level 1.1 Stealth
 + Level 2.3 Spellcasting
 + Level 1.8 Ice Magic


You had 9 spell levels left.
You knew the following spells:

 Your Spells              Type           Power      Damage    Failure   Level
a - Freeze                Ice            16%        1d4       32%         1

Your spell library contained the following spells:

 Spells                   Type           Power      Damage    Failure   Level
 Frozen Ramparts          Ice            8%         1d2       67%         3
 Swiftness                Air            1%         N/A       90%         3
 Vampiric Draining        Necr           1%         2d6       90%         3
 Hailstorm                Conj/Ice       2%         3d3       99%         4
 Haunt                    Necr/Summ      0%         N/A       100%        7


Dungeon Overview and Level Annotations

Branches:
Dungeon (5/15)             Temple (1/1) D:5           Sewer (visited)

Altars:
Ashenzari
Cheibriados
Dithmenos
Elyvilon
Fedhas
Gozag
Hepliaklqana
Kikubaaqudgha
Makhleb
Nemelex Xobeh
Okawaru
Qazlal
Ru
Sif Muna
Uskayaw
Wu Jian
Xom
Yredelemnul
The Shining One

Annotations:
D:5 Soldner's ghost, novice HOFi


Innate Abilities, Weirdness & Mutations

You have a pair of antennae on your head.
You sometimes gain a little power by taking damage.
You have a small tail.
You have sharp toenails.
You are agile. (Dex +2)
Your body sometimes deteriorates upon taking damage.


Message History

Soldner's ghost is lightly damaged.
Soldner's ghost hits you.
You barely miss Soldner's ghost.
Soldner's ghost is lightly damaged.
Soldner's ghost hits you but does no damage.
Soldner's ghost closely misses you.
You closely miss Soldner's ghost.
Soldner's ghost is lightly damaged.
Soldner's ghost hits you but does no damage.
You closely miss Soldner's ghost.
Soldner's ghost is lightly damaged.
Soldner's ghost hits you!
Your body deteriorates!
You feel dopey.
You hit Soldner's ghost but do no damage.
Soldner's ghost is lightly damaged.
Soldner's ghost hits you!
You hit Soldner's ghost but do no damage.
Soldner's ghost is lightly damaged.
Soldner's ghost hits you but does no damage.
You hit Soldner's ghost but do no damage.
Soldner's ghost is lightly damaged.
Soldner's ghost barely misses you.
You barely miss Soldner's ghost.
Soldner's ghost is lightly damaged.
Soldner's ghost hits you but does no damage.
You hit Soldner's ghost.
You tail-slap Soldner's ghost, but do no damage.
Soldner's ghost is lightly damaged.
Soldner's ghost hits you!
Your body deteriorates!
You feel weakened.
You hit Soldner's ghost.
You tail-slap Soldner's ghost, but do no damage.
Soldner's ghost is lightly damaged.
Soldner's ghost hits you.
* * * LOW HITPOINT WARNING * * *
You barely miss Soldner's ghost.
Soldner's ghost is lightly damaged.
Soldner's ghost hits you!
You die...
Your body disappears without a glow.

#####################
..))....<.......@...#
###############.W.......
#.###.####
#########.###.# ###
###.............# ..
...........# #.## # ###
##.#...###.###..####.#
..# #......#
#...........# #.#
#>.#...###.#...W...#.#


You could see Soldner's ghost.

Vanquished Creatures
  A hornet zombie (D:3)
  A necrophage (D:4)
  An ogre (D:4)
  A scorpion (D:4)
  A water moccasin skeleton (D:4)
  A hound (D:4)
  A bullfrog skeleton (D:3)
  A centaur skeleton (D:5)
  An iguana (D:5)
  4 gnolls (D:5)
  12 adders
  2 river rats (Sewer)
  An ufetubus (D:4)
  2 worms
  5 dart slugs
  An orc (D:4)
  9 endoplasms
  7 giant cockroaches
  6 hobgoblins
  12 kobolds
  5 quokkas
  8 ball pythons
  10 bats
  7 frilled lizards
  6 goblins
  8 rats
114 creatures vanquished.

Vanquished Creatures (others)
  A plant (D:1)
1 creature vanquished.

Grand Total: 115 creatures vanquished

Notes
Turn   | Place    | Note
-------+----------+-------------------------------------------
     0 | D:1      | gobodom the Demonspawn Gladiator began the quest for the
                  | Orb.
     0 | D:1      | Reached XP level 1. HP: 16/16 MP: 1/1
   309 | D:1      | Discovered your monstrous ancestry.
   309 | D:1      | Gained mutation: You have a pair of small antennae on your
                  | head. [demonic ancestry]
   309 | D:1      | Reached XP level 2. HP: 15/22 MP: 2/2
   310 | D:1      | Reached skill level 3 in Axes
   312 | D:1      | Gained mutation: Your body sometimes deteriorates upon
                  | taking damage. [potion of mutation]
   312 | D:1      | Gained mutation: You have sharp toenails. [potion of
                  | mutation]
   312 | D:1      | Gained mutation: You are agile. (Dex +2) [potion of
                  | mutation]
   884 | D:1      | Found a faded altar of an unknown god.
  1189 | D:1      | Gained mutation: You sometimes gain a little power by
                  | taking damage. [demonic ancestry]
  1189 | D:1      | Reached XP level 3. HP: 25/27 MP: 3/3
  1587 | D:2      | Reached skill level 1 in Armour
  1967 | D:2      | Reached XP level 4. HP: 22/34 MP: 4/4
  2538 | D:3      | Found a glowing drain.
  2588 | D:3      | Reached skill level 4 in Axes
  2588 | D:3      | Gained mutation: You have a pair of antennae on your head.
                  | [demonic ancestry]
  2588 | D:3      | Reached XP level 5. HP: 16/40 MP: 5/5
  2595 | D:3      | Got the Handbook of Floating Sinister Secrets
  2598 | D:3      | Learned a level 1 spell: Freeze
  2899 | Sewer    | Entered a sewer
  2950 | Sewer    | Identified a scroll of acquirement
  2951 | Sewer    | Acquired the +3 hat of Pondering {ponderous, Will+ MP+10
                  | Int+5}
  2951 | Sewer    | Found the +3 hat of Pondering {ponderous, Will+ MP+10
                  | Int+5}
  3060 | Sewer    | Reached skill level 1 in Spellcasting
  3642 | D:3      | Reached XP level 6. HP: 47/47 MP: 7/7
  3723 | D:3      | Found an iron altar of Okawaru.
  4344 | D:4      | Reached skill level 1 in Stealth
  4455 | D:4      | Reached skill level 1 in Ice Magic
  5210 | D:4      | Gained mutation: You have a small tail. [demonic ancestry]
  5210 | D:4      | Reached XP level 7. HP: 29/50 MP: 9/9
  5329 | D:4      | Reached skill level 5 in Axes
  5545 | D:4      | Acquired the +0 cloak of a sewer {rCorr Dex+5 Stlth-}
  5633 | D:5      | Entered Level 5 of the Dungeon
  5891 | D:5      | Found a staircase to the Ecumenical Temple.
  5908 | Temple   | Entered the Ecumenical Temple
  6198 | Temple   | Became a worshipper of Nemelex Xobeh the Trickster
  6249 | D:5      | Found a runed translucent gate.
  6249 | D:5      | Found a runed translucent gate.
  6249 | D:5      | Found a runed translucent gate.
  6250 | D:5      | Noticed Soldner's ghost (novice HOFi)
  6585 | D:5      | Slain by Soldner's ghost

Illustrated notes

Levels and vault maps discovered:
D:1:      dpeg_arrival_line_fractal, layout_loops_ring,
          hellmonk_ecumenical_altar_zigzags, serial_bayou, serial_bayou_pond_c,
          serial_bayou_shore_b, serial_bayou_pond_d, serial_bayou_crossing,
          nicolae_concentric_dashed_squares_wild, minmay_misc_feat_encased
D:2:      layout_basic
D:3:      layout_basic, nicolae_overflow_crystal_walls, gup_sewer_entry_glass
D:4:      layout_cave_pools
D:5:      layout_loops_ring, minmay_temple_entry_mini_moons,
          ebering_ghost_rock_garden
Temple:   mainiacjoe_temple_coin_purse

Skill      XL: |  1  2  3  4  5  6  7 |
---------------+----------------------+-----
Dodging        | 3 |  3.6
Axes           | 3 4 5 |  5.1
Armour         | 1 2 3 |  3.0
Fighting       | 3 |  3.4
Spellcasting   | 1 2 |  2.3
Stealth        | 1 |  1.1
Ice Magic      | 1 |  1.8
Throwing       | |  1.8

Action                   |  1- 3 |  4- 6 |  7- 9 || total
-------------------------+-------+-------+-------++-------
Melee: War axe           |    57 |       |       ||    57
       Punch             |     1 |     1 |     3 ||     5
       Hand axe          |    68 |   136 |    66 ||   270
       Kick              |    13 |    21 |       ||    34
       Tailslap          |       |       |    16 ||    16
       Short sword       |       |       |    15 ||    15
Throw: Throwing net      |     2 |     2 |       ||     4
 Cast: Freeze            |       |    28 |    14 ||    42
  Use: Scroll            |     2 |     5 |     9 ||    16
       Potion            |     2 |       |     4 ||     6
 Stab: Held in net/web   |       |     1 |       ||     1
       Distracted        |       |     1 |       ||     1
Armor: Leather armour    |    11 |       |       ||    11
       Ring mail         |    37 |    64 |    47 ||   148
Dodge: Dodged            |   100 |   135 |    53 ||   288
